Map: [ESL] Ancient Cistern

Players

Serral - Winner!

  • Race: Zerg Zerg
  • Spawn Location: 7:00

Clem

  • Race: Terran Terran
  • Spawn Location: 1:00

Event: ESL SC2 Masters 2023 Summer (Regionals)

VOD

Have the link to the VOD?

Description

Time

  • Played on: May 21, 2023, 12:37 p.m.
  • Length: 18:37

All games in this series

Show
View Real Time Build Order
Export as new Build Order

Serral Zerg - Winner!

Build Orders: Hatch First 

Get SALT Encoding   

  12  0:00  Drone  
  13  0:11  Overlord  
  13  0:17  Drone  
  14  0:30  Drone x2  
  16  0:47  Hatchery  
  15  0:50  Drone  
  15  0:53  Drone  
  18  0:57  Drone  
  18  1:07  Extractor  
  17  1:12  Spawning Pool  
  17  1:15  Drone  
  17  1:18  Drone  
  18  1:27  Drone  
  19  1:38  Drone  
  20  1:49  Drone  
  21  1:58  Queen  
  21  1:59  Queen, Zergling x2  
  21  2:00  Zergling x2  
  27  2:10  Overlord, Drone  
  28  2:21  Hatchery  
  27  2:24  Drone  
  28  2:31  Drone  
  28  2:32  Drone x2  
  31  2:37  Metabolic Boost  
  31  2:45  Queen  
  31  2:49  Overlord  
  33  2:54  Drone x2  
  33  2:56  Drone  
  36  3:03  Overlord  
  36  3:09  Queen  
  36  3:10  Drone x2  
  36  3:11  Drone  
  41  3:14  Drone  
  41  3:15  Drone  
  41  3:19  Drone  
  44  3:22  Queen  
  46  3:29  Drone  
  46  3:32  Queen  
  49  3:35  Overlord  
  49  3:36  Drone  
  50  3:42  Drone x2  
  50  3:47  Queen  
  54  3:51  Zergling x2  
  54  3:52  Overlord  
  54  3:53  Drone x2  
  54  3:54  Drone  
  58  3:58  Overlord  
  58  4:02  Queen  
  60  4:06  Drone x3  
  60  4:09  Overlord  
  63  4:13  Zergling x2  
  63  4:15  Overlord  
  64  4:17  Drone x2  
  64  4:23  Drone x4  
  71  4:24  Drone  
  71  4:28  Zergling x4  
  73  4:32  Overlord  
  73  4:33  Drone x3  
  76  4:39  Zergling x2  
  76  4:40  Lair  
  77  4:50  Extractor, Hatchery, Zergling x2  
  77  4:52  Baneling Nest  
  75  4:54  Drone x3  
  75  4:56  Drone x2  
  75  4:59  Drone  
  83  5:00  Drone x2  
  83  5:04  Zergling x4  
  85  5:07  Drone x2  
  85  5:08  Extractor, Queen  
  85  5:12  Overlord  
  87  5:16  Drone x2, Spore Crawler  
  87  5:18  Spore Crawler  
  87  5:20  Drone, Zergling x2  
  87  5:21  Drone  
  90  5:26  Extractor  
  90  5:27  Evolution Chamber x2  
  90  5:28  Drone x3  
  90  5:34  Overlord  
  90  5:35  Zergling x2  
  91  5:36  Overlord  
  91  5:37  Drone x2, Overlord  
  91  5:39  Extractor, Centrifugal Hooks  
  91  5:41  Overseer  
  92  5:45  Drone x3  
  92  5:48  Overlord  
  92  5:49  Drone x3  
  97  6:02  Zergling x6  
  97  6:03  Drone  
  97  6:04  Drone x5  
  102  6:10  Zergling x2  
  102  6:11  Zergling x2  
  101  6:14  Drone x2  
  102  6:20  Drone x2, Zerg Ground Armor Level 1, Zerg Melee Weapons Level 1  
  104  6:31  Queen  
  105  6:35  Overlord  
  105  6:36  Drone x3  
  108  6:44  Zergling x8  
  108  6:45  Hatchery  
  111  6:48  Zergling x4  
  111  6:50  Zergling x12  
  111  6:53  Overlord  
  119  7:01  Drone x4, Hydralisk Den  
  119  7:03  Extractor  
  119  7:04  Zergling x10  
  119  7:06  Baneling x8  
  119  7:07  Overlord  
  119  7:08  Zergling x2  
  126  7:12  Pneumatized Carapace  
  126  7:14  Zergling x4  
  128  7:16  Overlord  
  128  7:17  Zergling x2  
  129  7:29  Drone  
  130  7:31  Drone x4, Baneling  
  130  7:32  Drone x2, Hatchery  
  130  7:33  Zergling x8  
  130  7:36  Burrow, Baneling x5  
  139  7:40  Zergling x4  
  139  7:43  Baneling x5  
  138  7:50  Zergling x30  
  151  7:53  Baneling x4  
  151  7:55  Muscular Augments  
  151  7:58  Zergling x6  
  154  8:03  Zergling x4  
  154  8:04  Queen  
  158  8:11  Zergling x2  
  158  8:12  Zergling x8  
  163  8:18  Zergling x20  
  173  8:21  Overlord  
  173  8:22  Overlord x3  
  173  8:25  Zerg Ground Armor Level 2, Zerg Melee Weapons Level 2  
  173  8:27  Baneling x4  
  173  8:31  Overlord x2  
  173  8:34  Baneling x4  
  173  8:35  Baneling x2  
  169  8:46  Zergling x32  
  166  8:51  Zergling x2  
  166  8:52  Zergling x14  
  166  8:54  Zergling x2  
  166  8:55  Zergling x2  
  154  9:00  Zergling x4  
  153  9:05  Hydralisk x4, Infestation Pit  
  153  9:07  Grooved Spines  
  159  9:10  Baneling x3, Overseer  
  159  9:11  Hydralisk x3, Baneling  
  159  9:15  Hydralisk x3  
  173  9:20  Zergling x10  
  173  9:23  Zergling x6  
  179  9:28  Baneling x12  
  178  9:35  Zergling x22  
  189  9:40  Zergling x2  
  189  9:41  Zergling x8  
  186  9:46  Baneling x3  
  186  9:47  Hive  
  186  9:50  Zergling x16  
  191  9:55  Overlord  
  189  10:01  Zergling x14  
  177  10:08  Zergling x10  
  177  10:13  Zergling x18  
  180  10:18  Zergling x8  
  180  10:21  Drone  
  181  10:23  Zergling x10  
  181  10:24  Zergling x6  
  189  10:29  Baneling  
  189  10:30  Baneling x11  
  189  10:34  Baneling x9  
  189  10:37  Extractor, Drone x2  
  189  10:38  Drone, Baneling x6  
  189  10:39  Baneling x6  
  189  10:42  Zerg Missile Weapons Level 1, Hydralisk x2  
  190  10:43  Zergling x10  
  190  10:45  Overseer  
  196  10:50  Zergling x8  
  196  10:55  Zergling x6  
  200  10:59  Zerg Ground Armor Level 3  
  198  11:06  Overseer  
  198  11:08  Drone x11  
  198  11:09  Drone  
  168  11:12  Zergling x14  
  168  11:17  Zergling x10  
  173  11:22  Zergling x12  
  177  11:29  Baneling x13  
  177  11:33  Zergling x8  
  178  11:43  Viper  
  181  11:47  Zergling x26  
  181  11:53  Zergling x14  
  192  12:02  Baneling x4  
  192  12:03  Baneling x2  
  192  12:04  Drone  
  192  12:07  Adrenal Glands  
  192  12:08  Viper  
  192  12:09  Lurker Den  
  192  12:12  Zergling x2  
  192  12:13  Zergling x10  
  198  12:30  Zergling x2  
  199  12:41  Hatchery  
  193  12:44  Zergling x12  
  193  12:45  Zergling x2  
  193  12:48  Hatchery  
  198  12:59  Zerg Missile Weapons Level 2  
  198  13:05  Extractor  
  197  13:08  Baneling  
  197  13:09  Hydralisk, Baneling x7  
  198  13:14  Baneling x3  
  188  13:20  Zergling x2  
  188  13:21  Zergling x30  
  188  13:27  Drone x3  
  199  13:29  Seismic Spines  
  197  13:35  Zergling x12  
  197  13:36  Zerg Melee Weapons Level 3  
  197  13:38  Hatchery  
  188  13:45  Zergling x26  
  188  13:46  Overseer  
  200  13:48  Baneling x5  
  200  13:49  Baneling x6  
  200  13:55  Zergling x20  
  198  14:02  Zergling x10  
  194  14:12  Drone x2  
  196  14:17  Baneling x5  
  194  14:26  Adaptive Talons  
  194  14:27  Baneling x16  
  194  14:37  Zergling x14  
  199  14:45  Baneling x3  
  198  14:46  Baneling x2  
  189  14:53  Hydralisk x6  
  189  14:54  Zergling x2  
  189  14:57  Zergling x2  
  189  14:58  Zergling x24  
  193  15:03  Zergling x12  
  193  15:04  Zergling x10  
  189  15:08  Baneling x10  
  180  15:15  Baneling x11  
  180  15:16  Zergling x26  
  180  15:21  Hydralisk x3  
  187  15:23  Baneling x7  
  187  15:24  Overseer  
  187  15:30  Zergling x24  
  187  15:32  Baneling x6  
  196  15:42  Zergling x12  
  186  15:48  Zergling x12  
  182  15:58  Zergling x26  
  193  16:06  Lurker x6  
  193  16:09  Overseer x2  
  199  16:13  Baneling x3  
  199  16:17  Overseer  
  196  16:26  Hatchery, Baneling x10  
  196  16:31  Hydralisk x2  
  193  16:43  Zergling x36  
  192  16:48  Hydralisk x4  
  195  17:04  Baneling  
  195  17:05  Hydralisk x2, Baneling  
  195  17:06  Zergling x20  
  186  17:12  Hydralisk  
  186  17:13  Hydralisk x6  
  189  17:18  Baneling x3  
  182  17:30  Zergling x30  
  196  17:39  Zergling x8  
  196  17:40  Baneling x2  
  199  17:47  Spore Crawler  
  196  17:52  Baneling  
  196  17:53  Baneling x6  
  196  18:01  Zergling x6  
  196  18:04  Baneling x16  
  199  18:15  Zergling x10  
Show
View Real Time Build Order
Export as new Build Order

Clem Terran 

Build Orders: Reaper Expand, Hellion Banshee 

Get SALT Encoding   

  12  0:00  SCV  
  13  0:12  SCV  
  14  0:17  Supply Depot  
  14  0:24  SCV  
  15  0:38  SCV  
  15  0:40  Barracks  
  16  0:43  Refinery  
  16  0:50  SCV  
  17  1:02  SCV  
  18  1:14  SCV  
  19  1:26  Orbital Command, Reaper  
  20  1:38  Command Center  
  20  1:47  Supply Depot  
  20  1:52  SCV  
  21  1:58  Marine  
  22  2:05  SCV  
  23  2:11  Factory  
  23  2:17  SCV  
  23  2:20  Barracks Reactor  
  24  2:29  SCV  
  25  2:38  Command Center  
  25  2:41  SCV  
  26  2:54  Orbital Command  
  26  2:55  SCV  
  27  2:58  Starport  
  27  3:03  Refinery  
  27  3:07  SCV  
  27  3:10  Hellion  
  30  3:14  Hellion  
  30  3:17  Barracks Tech Lab  
  32  3:20  SCV  
  32  3:22  SCV  
  34  3:32  Hellion, SCV  
  38  3:34  SCV  
  38  3:35  Hellion  
  40  3:41  Banshee  
  40  3:44  SCV  
  40  3:47  Marine  
  45  3:51  Orbital Command  
  45  3:53  SCV  
  46  3:56  SCV  
  46  3:59  Hellion, Supply Depot  
  49  4:03  Hellion  
  49  4:06  SCV  
  49  4:08  SCV  
  53  4:11  Barracks Tech Lab  
  53  4:18  SCV  
  53  4:21  SCV, Hellion  
  53  4:23  Orbital Command  
  57  4:25  Hellion  
  57  4:28  Supply Depot  
  57  4:30  SCV  
  57  4:31  Stimpack  
  60  4:34  SCV  
  61  4:39  Starport Reactor  
  61  4:40  Barracks  
  61  4:42  Hellion  
  61  4:43  Barracks  
  63  4:46  Hellion  
  63  4:48  SCV  
  63  4:50  SCV x2  
  68  4:53  Supply Depot  
  68  4:54  Refinery  
  68  5:00  SCV  
  68  5:02  SCV x2  
  68  5:04  Hellion  
  73  5:07  Hellion  
  73  5:09  Engineering Bay x2, Marine  
  73  5:12  SCV  
  77  5:15  SCV x2  
  77  5:17  Supply Depot  
  79  5:22  Supply Depot  
  79  5:24  SCV  
  79  5:27  SCV x2  
  82  5:29  Refinery, Supply Depot  
  82  5:32  Barracks Reactor  
  82  5:34  Marine, Starport Reactor  
  83  5:36  SCV  
  83  5:38  Marine x2  
  83  5:39  SCV  
  83  5:40  Supply Depot  
  83  5:42  Terran Infantry Weapons Level 1, Terran Infantry Armor Level 1  
  87  5:45  SCV  
  88  5:51  SCV x2  
  88  5:52  Marine  
  88  5:54  Siege Tank, Supply Depot  
  88  5:56  Marine  
  95  5:57  SCV  
  95  6:00  Marine  
  95  6:03  SCV  
  95  6:04  SCV  
  97  6:08  Marine  
  97  6:09  SCV  
  97  6:10  Marine  
  83  6:11  Marine  
  83  6:12  Medivac x2  
  83  6:14  Barracks x2, Marine  
  83  6:16  SCV  
  83  6:17  SCV  
  85  6:18  Refinery  
  85  6:19  Marine  
  85  6:21  Combat Shield  
  85  6:22  SCV  
  87  6:26  Siege Tank  
  87  6:28  SCV  
  87  6:29  Marine x2  
  87  6:30  Supply Depot  
  87  6:32  SCV, Marine  
  95  6:34  Marine  
  95  6:35  SCV  
  95  6:39  Factory  
  97  6:40  Supply Depot  
  97  6:41  Marine  
  97  6:42  SCV  
  97  6:44  SCV  
  97  6:46  Medivac x2  
  104  6:47  SCV  
  105  6:56  Command Center  
  105  7:01  Marine x2  
  105  7:02  Barracks Reactor  
  105  7:03  Supply Depot x2  
  105  7:05  Siege Tank  
  110  7:08  Armory  
  110  7:11  Marine  
  110  7:12  Marine  
  110  7:14  Marine, Supply Depot  
  113  7:17  SCV x3  
  113  7:18  Marine  
  113  7:19  Marine  
  113  7:20  Medivac  
  113  7:22  Medivac  
  122  7:25  Marine  
  122  7:28  Marine  
  122  7:29  Marine  
  125  7:30  Factory Reactor  
  125  7:33  Supply Depot  
  125  7:34  Marine  
  125  7:35  Marine, Sensor Tower, Refinery  
  125  7:36  Marine  
  128  7:40  Marine  
  129  7:44  Marine x3  
  129  7:46  Marine  
  129  7:48  Marine  
  129  7:51  Widow Mine  
  136  7:52  Marine  
  136  7:53  Marine  
  136  7:54  Marine  
  139  7:59  Terran Infantry Weapons Level 2, Terran Infantry Armor Level 2  
  139  8:00  Drilling Claws  
  139  8:02  Marine x2  
  139  8:05  SCV x3  
  143  8:08  Widow Mine x2  
  148  8:16  Barracks  
  148  8:17  Barracks, Marine x2  
  148  8:19  SCV  
  151  8:20  SCV  
  151  8:21  Barracks  
  151  8:23  SCV  
  153  8:28  Widow Mine, Marine x2  
  153  8:29  Widow Mine  
  153  8:31  Terran Vehicle And Ship Armor Level 1  
  159  8:38  Marine, SCV  
  159  8:41  Widow Mine  
  161  8:45  Marine  
  161  8:46  Marine x2  
  161  8:47  Marine x4  
  161  8:48  Marine  
  153  8:49  Widow Mine  
  153  8:51  Widow Mine  
  153  8:52  SCV  
  139  8:56  Marine  
  139  8:57  Medivac  
  139  8:59  SCV  
  139  9:00  SCV  
  139  9:02  Widow Mine  
  140  9:03  Marine  
  140  9:04  Marine x2  
  140  9:05  Marine, Planetary Fortress  
  140  9:08  Barracks Tech Lab x2  
  140  9:09  SCV  
  145  9:11  Widow Mine  
  145  9:12  SCV x2  
  145  9:13  Marine  
  145  9:16  Widow Mine, Marine x2  
  145  9:17  Marine  
  153  9:18  Marine  
  153  9:21  SCV  
  153  9:22  Marine x2  
  158  9:27  Widow Mine  
  158  9:29  Marine, Medivac  
  163  9:35  Widow Mine, Marine x3  
  163  9:37  Marine x2  
  163  9:38  Barracks Tech Lab  
  170  9:39  Marauder x2  
  170  9:40  Widow Mine  
  170  9:41  Marine  
  175  9:46  Marine  
  175  9:49  Refinery  
  175  9:51  Command Center  
  176  9:55  Marine  
  176  9:58  Supply Depot  
  176  9:59  Supply Depot  
  177  10:01  Widow Mine, Marine  
  177  10:03  Marine  
  177  10:05  Marine x2  
  177  10:06  Widow Mine, Marine x2  
  177  10:07  Marine x5  
  165  10:11  Medivac  
  165  10:12  Widow Mine  
  165  10:13  Marine  
  162  10:18  Marine  
  154  10:21  Marine  
  154  10:22  Widow Mine  
  154  10:23  Marine x2  
  154  10:24  Marine x4  
  154  10:25  Marauder  
  154  10:27  Widow Mine, Sensor Tower  
  163  10:29  Marine  
  163  10:31  Marauder  
  163  10:32  Command Center  
  163  10:33  Widow Mine  
  163  10:35  Medivac  
  170  10:39  Marine x2  
  170  10:41  Marine  
  170  10:42  Concussive Shells  
  175  10:43  Marauder  
  175  10:44  Widow Mine, Marine  
  175  10:46  Marauder  
  175  10:47  Marauder  
  175  10:48  Widow Mine  
  184  10:52  Medivac  
  184  10:55  Widow Mine, Marauder, Marine  
  184  10:56  Marine  
  186  11:04  Marauder  
  186  11:05  Widow Mine  
  186  11:06  Marine  
  186  11:08  Marauder, Marine  
  186  11:09  Marauder  
  186  11:10  SCV  
  192  11:13  SCV  
  192  11:14  SCV  
  192  11:16  Widow Mine, Marauder  
  185  11:21  Marine x2  
  185  11:22  SCV  
  185  11:24  Widow Mine, Command Center  
  185  11:25  Marine  
  185  11:26  SCV x2  
  185  11:34  SCV  
  185  11:36  Terran Infantry Weapons Level 3  
  185  11:38  Widow Mine  
  178  11:44  Marine  
  178  11:46  Widow Mine  
  181  11:53  Marauder  
  182  11:56  Medivac x2  
  182  11:58  Marauder, Marine x2  
  182  11:59  Widow Mine  
  182  12:07  Widow Mine  
  184  12:12  SCV  
  184  12:13  SCV x2, Marauder  
  184  12:14  Marauder  
  191  12:20  Widow Mine  
  191  12:23  Sensor Tower  
  191  12:26  Marauder x2, Medivac  
  191  12:27  SCV  
  191  12:28  Widow Mine  
  198  12:38  Medivac  
  198  12:39  Marauder  
  198  12:41  Marauder  
  198  12:42  Planetary Fortress  
  198  12:45  Command Center  
  198  12:50  Widow Mine  
  200  12:53  Factory Reactor  
  200  12:57  Ghost Academy  
  200  12:59  Planetary Fortress  
  200  13:04  Command Center  
  200  13:18  Marine  
  200  13:19  Marine x2  
  185  13:20  Widow Mine, Marine x4  
  185  13:22  Marine  
  185  13:23  Liberator  
  185  13:26  Liberator, Ghost  
  192  13:30  Widow Mine, Marine  
  192  13:33  Widow Mine  
  192  13:35  Marine x2  
  192  13:40  Sensor Tower  
  192  13:41  Marine x3  
  179  13:48  Ghost  
  180  13:52  Widow Mine, Ghost  
  180  13:53  Widow Mine, Marine  
  182  13:56  Widow Mine  
  176  14:05  Ghost x2  
  176  14:06  Liberator  
  176  14:08  Liberator  
  186  14:11  Marine  
  186  14:14  Widow Mine  
  186  14:17  SCV x3  
  191  14:20  Planetary Fortress  
  191  14:21  Orbital Command  
  191  14:23  SCV  
  191  14:25  Widow Mine, Marine x2  
  191  14:26  Marine  
  191  14:30  Ghost  
  195  14:39  Marauder  
  195  14:41  Marauder  
  195  14:44  Marine  
  200  14:46  Orbital Command  
  200  14:49  Medivac  
  189  14:53  Widow Mine, Marine x2  
  189  14:54  Medivac  
  189  14:55  Widow Mine, Marine x2  
  189  14:56  Marine x4  
  189  14:59  Marine  
  180  15:00  Widow Mine, Marine  
  180  15:02  Marine x2  
  173  15:11  Marine x2  
  173  15:13  SCV, Marine x2  
  165  15:16  SCV x2  
  165  15:18  SCV x2  
  165  15:19  Medivac  
  165  15:20  Widow Mine  
  173  15:24  Medivac  
  173  15:25  SCV  
  173  15:28  Marine, SCV  
  175  15:30  Marine  
  175  15:31  Marine  
  175  15:35  Widow Mine  
  173  15:36  Marine  
  173  15:37  Marine x2  
  173  15:42  Widow Mine  
  169  15:49  Medivac  
  171  15:50  Ghost x2  
  171  15:54  Medivac  
  152  15:59  Widow Mine, Marine  
  152  16:00  Marine x2  
  152  16:01  Widow Mine, Ghost  
  161  16:05  Widow Mine, Sensor Tower  
  163  16:15  Command Center  
  163  16:16  Refinery  
  163  16:20  Widow Mine  
  163  16:22  Widow Mine  
  163  16:23  Marine x4  
  171  16:26  Widow Mine  
  171  16:28  Ghost x2  
  177  16:34  Ghost  
  177  16:41  Widow Mine  
  177  16:43  Widow Mine, Medivac x2  
  173  16:47  Marine  
  173  16:48  Widow Mine  
  173  16:50  Marine  
  174  16:57  Ghost x2  
  176  17:01  Command Center  
  164  17:11  Ghost  
  164  17:13  Medivac  
  164  17:15  Marine x2  
  157  17:18  Marine x4  
  157  17:19  Marine x2  
  157  17:20  Liberator  
  166  17:27  Widow Mine, Marine x2  
  166  17:28  Marine  
  166  17:32  Marine  
  166  17:33  Marine  
  166  17:36  Marine x3  
  165  17:41  Orbital Command  
  165  17:43  Liberator  
  152  17:45  Marine x4  
  152  17:47  Marine x2  
  152  17:48  Widow Mine  
  160  17:59  Marine  
  161  18:11  Widow Mine  
  163  18:14  Widow Mine, Marauder x2  
  163  18:15  Marine  
Tags
 
Add a new tag
Caveats
  • Supply blocks, unpowered buildings, or Contaminate may cause inaccurate times.
  • Supply counts are checked every 10 seconds.